 Dungeon Crawl Stone Soup version 0.31.0-11-ge490571c62 (webtiles) character file.

Game seed: 1847041327055618331

255410 Flugkiller the Executioner (level 17, -11/153 HPs)
             Began as a Minotaur Fighter on Jan 29, 2024.
             Was a High Priest of Makhleb.
             Killed from afar by a hellion (36 damage)
             ... with damnation
             ... on level 4 of the Abyss.
             The game lasted 00:17:59 (23370 turns).

Flugkiller the Executioner (Minotaur Fighter)      Turns: 23370, Time: 00:18:00

Health: -11/153    AC: 39    Str: 36    XL:     17   Next: 98%
Magic:  0/25       EV:  9    Int:  5    God:    Makhleb [*****.]
Gold:   610        SH: 21    Dex: 15    Spells: 16/16 levels left

rFire   + + .        a - +5 broad axe (vamp)
rCold   + . .        F - +0 kite shield {AC+3}
rNeg    + . .        N - +5 gold dragon scales
rPois   +            n - +4 hat of the Tarantula {rN+ Will+ Dex+4}
rElec   +            h - +0 cloak
rCorr   .            i - +0 pair of gloves of Vothi {rElec Regen+}
SInv    +            A - +2 pair of boots {rampage}
Will    ++...        o - brooch of Shielding {Spirit SH+8} Stlth
                     P - +6 ring of strength
HPRegen 1.25/turn    s - ring of Propriety {rPois Stlth+}
MPRegen 0.19/turn

%: guardian spirit, rampage
@: mighty, studying Dodging
A: horns 2, retaliatory headbutt, thin skeletal structure 1, see invisible, fire
resistance 1, frail 1, MP-powered wands
}: 3/15 runes: serpentine, barnacled, abyssal
a: Renounce Religion, Minor Destruction, Lesser Servant of Makhleb, Major
Destruction, Greater Servant of Makhleb


You were on level 4 of the Abyss.
You worshipped Makhleb.
Makhleb was extremely pleased with you.
You visited 5 branches of the dungeon, and saw 29 of its levels.
You visited the Abyss 1 time.
You also visited: Gauntlet.

You collected 2177 gold pieces.
You spent 1567 gold pieces at shops.

Inventory:

Hand Weapons
 a - a +5 vampiric broad axe (weapon)
   (You found it on level 6 of the Dungeon)
 b - a +2 trident of distortion
   (You took it off a merfolk on level 2 of the Shoals)
Missiles
 L - 4 throwing nets (quivered)
Armour
 h - a +0 cloak (worn)
   (You found it on level 9 of the Dungeon)
 i - the +0 pair of gloves of Vothi (worn) {rElec Regen+}
   (You bought it in a shop on level 2 of the Orcish Mines)

   rElec:     It insulates you from electricity.
   Regen+:    It increases your rate of health regeneration.
 k - a scarf of repulsion
   (You found it on level 2 of the Dungeon)
 n - the +4 hat of the Tarantula (worn) {rN+ Will+ Dex+4}
   (You acquired it on level 2 of the Snake Pit)

   Dex+4:     It affects your dexterity (+4).
   rN+:       It protects you from negative energy.
   Will+:     It increases your willpower.
 A - a +2 pair of boots of rampaging (worn)
   (You acquired it on level 10 of the Dungeon)
 E - a +2 kite shield
   (You took it off a gnoll sergeant on level 10 of the Dungeon)
 F - a +0 kite shield of protection (worn)
   (You found it in a Gauntlet)
 N - +5 gold dragon scales (worn)
   (You took it off a minotaur in a Gauntlet)
Jewellery
 c - a ring of protection from cold
   (You found it on level 3 of the Dungeon)
 f - a ring of protection from fire
   (You bought it in a shop on level 2 of the Snake Pit)
 o - the brooch of Shielding (around neck) {Spirit SH+8}
   (You found it in a Gauntlet)

   [amulet of guardian spirit]

   Spirit:    It causes incoming damage to be divided between your reserves of
   health and magic.
   SH+8:      It affects your SH (+8).
 p - a +4 ring of protection
   (You found it on level 4 of the Shoals)
 s - the ring of Propriety (right hand) {rPois Stlth+}
   (You found it in a Gauntlet)

   [ring of poison resistance]

   rPois:     It protects you from poison Stlth+: It makes you more stealthy.
 O - an amulet of reflection
   (You took it off a naga ritualist on level 2 of the Snake Pit)
 P - a +6 ring of strength (left hand)
   (You found it on level 2 of the Shoals)
Wands
 g - a wand of acid (18)
   (You found it on level 5 of the Dungeon)
 H - a wand of iceblast (18)
   (You found it on level 8 of the Dungeon)
 Q - a wand of paralysis (21)
   (You found it on level 6 of the Dungeon)
Scrolls
 l - 4 scrolls of vulnerability
 m - 3 scrolls of brand weapon
 r - 9 scrolls of identify
 t - 2 scrolls of teleportation
 y - 5 scrolls of fog
 z - 6 scrolls of blinking
 B - 2 scrolls of immolation
 J - 2 scrolls of revelation
 K - 3 scrolls of summoning
 M - a scroll of fear
Potions
 d - 6 potions of might
 e - a potion of berserk rage
 j - 4 potions of lignification
 q - 8 potions of curing
 u - 4 potions of mutation
 v - 3 potions of enlightenment
 D - a potion of cancellation
 G - 3 potions of attraction
 I - a potion of invisibility
Miscellaneous
 C - a tin of tremorstones (2/2)
   (You found it in a Gauntlet)


   Skills:
 * Level 20.4 Fighting
 * Level 21.6 Axes
 + Level 15.5 Armour
 - Level 6.0 Dodging
 + Level 14.3 Shields
 + Level 12.4 Invocations


You had 16 spell levels left.
You didn't know any spells.
Your spell library contained the following spells:

 Spells                   Type           Power      Damage    Failure   Level
 Apportation              Tloc           0%         N/A       100%        1
 Freeze                   Ice            0%         1d3       100%        1
 Kiss of Death            Conj/Necr      0%         2d5       100%        1
 Magic Dart               Conj           0%         1d3       100%        1
 Necrotise                Necr           0%         1d4       100%        1
 Blink                    Tloc           0%         N/A       100%        2
 Call Imp                 Summ           0%         N/A       100%        2
 Jinxbite                 Hex            0%         N/A       100%        2
 Mercury Vapours          Alch/Air       0%         N/A       100%        2
 Sublimation of Blood     Necr           0%         N/A       100%        2
 Confusing Touch          Hex            0%         N/A       100%        3
 Frozen Ramparts          Ice            0%         1d1       100%        3
 Hailstorm                Conj/Ice       0%         3d5       100%        3
 Mephitic Cloud           Conj/Alch/Air  0%         N/A       100%        3
 Vampiric Draining        Necr           0%         2d6       100%        3
 Dispel Undead            Necr           0%         3d6       100%        4
 Martyr's Knell           Necr/Summ      0%         N/A       100%        4
 Petrify                  Alch/Erth      0%         N/A       100%        4
 Alistair's Intoxication  Alch           0%         N/A       100%        5
 Curse of Agony           Necr           0%         N/A       100%        5
 Freezing Cloud           Conj/Ice/Air   0%         6-21      100%        5
 Irradiate                Conj/Alch      0%         3d11      100%        5
 Iskenderun's Battlesphe  Conj           0%         2d6       100%        5
 Summon Hydra             Summ           0%         N/A       100%        7
 Chain Lightning          Conj/Air       0%         N/A       100%        9


Dungeon Overview and Level Annotations

Branches:
Dungeon (14/15) Temple (0/1) D:7 Lair (5/5) D:11 Shoals (4/4) Lair:2 Snake (4/4) Lair:2 Slime (0/5) Lair:4 Orc (2/2) D:10 Elf (0/3) Orc:1 Orc:2 Gauntlet (visited) Vaults: D:13-14

Altars:
Ashenzari
Elyvilon
Fedhas
Gozag
Hepliaklqana
Makhleb
Nemelex Xobeh
Qazlal
Uskayaw
Yredelemnul
Jiyva

Shops:
D:2 *   Orc:2 (*?*   Snake:2 **=(   Snake:3 !   Snake:4 :=:

Portals:
Trove: D:10 (give 12 potions of heal wounds)

Annotations:
Lair:2 2 transporters, 3 runed translucent doors, Elebi's ghost, journeyman DrSh
Lair:5 exclusion: oklob plant
Shoals:3 2 transporters, exclusion: orange crystal statue


Innate Abilities, Weirdness & Mutations

You have a pair of horns on your head.
You reflexively headbutt those who attack you in melee.
You have a somewhat thin skeletal structure. (Dex +2, Stealth+)
You have supernaturally acute eyesight. (SInv)
Your flesh is heat resistant. (rF+)
You are frail. (-10% HP)
You expend magic power (3 MP) to strengthen your wands.


Message History

You feel sick. The +2 scimitar of holy wrath hits you!
* * * LOW HITPOINT WARNING * * *
The +2 scimitar of holy wrath hits you!
* * * LOW HITPOINT WARNING * * *
You slash the +2 scimitar of holy wrath!
Your headbutt misses the +2 scimitar of holy wrath.
The +2 scimitar of holy wrath is moderately damaged.
You block the +2 scimitar of holy wrath's attack.
You slice the +2 scimitar of holy wrath!!
The +2 scimitar of holy wrath falls from the air.
Makhleb accepts your kill.
You feel sick.
A small abomination comes into view.
You feel sick.
You see here a +2 scimitar of holy wrath.
You feel much better.
You feel sick.
You are no longer poisoned.
A large abomination comes into view.
An apocalypse crab comes into view.
Found an abyssal rune of Zot.
Found a shimmering altar of Xom.
You block the small abomination's attack.
You block the apocalypse crab's attack. x2
You barely miss the apocalypse crab. You headbutt the apocalypse crab!!
The apocalypse crab is heavily wounded.
You slash the small abomination!
You block the small abomination's attack.
The apocalypse crab bites you but does no damage.
You block the apocalypse crab's attack.
You slash the apocalypse crab!
The apocalypse crab is severely wounded.
You slash the small abomination!
You destroy the small abomination!
Makhleb accepts your kill.
Your blizzard demon is no longer covered in acid.
You block the apocalypse crab's attack. x2
Unknown command.
You slash the apocalypse crab!
You kill the apocalypse crab!
Makhleb accepts your kill.
You feel better.
You rampage towards the large abomination!
You hit the large abomination but do no damage.
You block the large abomination's attack.
You slice the large abomination!! You headbutt the large abomination!!
You destroy the large abomination!
Makhleb accepts your kill.
You feel better.
You pick up the abyssal rune and feel its power. 3 runes!
That's enough to enter the realm of Zot.
Press } to see all the runes you have collected.
You feel the abyssal rune guiding you out of this place.
You swap places.
You see here an apocalypse crab corpse.
A tormentor comes into view.
Unknown command.
The tormentor calls on the powers of darkness!
Your body is wracked with pain!
* * * LOW HITPOINT WARNING * * *
You see here a +2 scimitar of holy wrath.
You feel your health improve.
Something hits your blizzard demon but does no damage.
Something hits your blizzard demon.
You are too injured to fight recklessly!
The tormentor calls on the powers of darkness!
Your body is wracked with pain!
* * * LOW HITPOINT WARNING * * *
You see here an apocalypse crab corpse.
You slash the tormentor! You headbutt the tormentor!
The tormentor is severely wounded.
The tormentor calls on the powers of darkness!
Your body is wracked with pain!
* * * LOW HITPOINT WARNING * * *
Your blizzard demon hits the tormentor but does no damage.
Your blizzard demon closely misses the tormentor.
You slash the tormentor!
You kill the tormentor!
Makhleb accepts your kill.
You feel better.
There is a large open door here.
Unknown command.
A hellion comes into view.
The hellion gives a hideous shriek!
You hear a hideous shriek!
Unknown command.
The hellion gestures at you.
The sphere of damnation explodes!
The damnation engulfs you!!!
* * * LOW HITPOINT WARNING * * *
You hear a shout! x2
Unknown command.
You feel much better. You block the hellion's attack.
Your blizzard demon hits the hellion.
Your blizzard demon hits the hellion!
You closely miss the hellion.
The hellion is moderately wounded.
You block the hellion's attack.
Your blizzard demon hits the hellion.
Your blizzard demon hits the hellion but does no damage.
You barely miss the hellion.
The hellion is heavily wounded.
The hellion gestures at you.
The sphere of damnation explodes!
The damnation engulfs you!!!
You die...

#.. ♣....♣♣....#
#.♣.†♣).♣†..._.
~
#♣....♣♣.......#
#''#########. .
. #...♣....♣♣#..
# . .
##...♣....♣# ♣ #
###....♣ . ♣. .
#.##.2♣♣♣ # # .
#'@2♣ .# .
#...##...♣ # # .
#.♣..##...♣# .
⌠'..♣..##...# #
. '.. ♣.)'#..'.
. #.♣ ∩.##.'...#
. #. . ♣ ###. ♣#
♣ § # #. . .. #
..


You could see a hellion (ally target) and a friendly blizzard demon (summoned).

Vanquished Creatures
  Bai Suzhen (Snake:3)
  Vashnia (Snake:2)
  A titan (Shoals:4)
  Polyphemus (Shoals:2)
  Gastronok (D:11)
  Donald (Orc:2)
  A daeva (Abyss:4)
  4 nagarajas
  2 angels (Abyss:4)
  An orc warlord (Orc:1)
  A very ugly thing (Abyss:4)
  2 starcursed masses (Abyss:4)
  A minotaur (Gauntlet)
  A merfolk javelineer (Shoals:4)
  3 merfolk impalers
  Josephine (D:11)
  2 hydras (Lair:5)
  4 salamander tyrants (Snake:4)
  Fannar (D:10)
  Harold (D:11)
  3 boulder beetles
  13 anacondas
  A merfolk avatar (Shoals:1)
  A centaur warrior (D:14)
  A satyr (Shoals:2)
  An alligator snapping turtle (Shoals:3)
  A dancing weapon (Abyss:4)
  3 death yaks
  A merfolk aquamancer (Shoals:4)
  A two-headed ogre (D:10)
  6 naga warriors
  5 orc high priests
  Urug (Orc:1)
  A demonic crawler (Abyss:4)
  8 naga sharpshooters
  8 shock serpents
  A sixfirhy (Gauntlet)
  4 skysharks
  3 salamander mystics (Snake:4)
  2 sea snakes
  16 mana vipers
  4 naga ritualists
  4 large abominations (Abyss:4)
  An orc knight (Orc:2)
  A necromancer (Gauntlet)
  5 lindwurms (Snake:4)
  5 orc sorcerers
  4 fauns
  13 salamanders
  2 cyclopes
  A kobold blastminer (Orc:1)
  7 centaur zombies (D:10)
  2 manticores (Shoals:4)
  3 meliai (Gauntlet)
  7 naga magi
  30 black mambas
  A slime creature (D:14)
  13 elephants
  A merfolk siren (Shoals:1)
  A torpor snail (Lair:4)
  4 guardian serpents (Snake:4)
  An eye of devastation (Abyss:4)
  Joseph (D:10)
  4 water nymphs
  6 cane toads
  An unseen horror (D:11)
  2 apocalypse crabs (Abyss:4)
  2 kobold demonologists (D:8)
  10 komodo dragons
  2 unseen horror zombies (D:10)
  A rime drake (Lair:3)
  A tormentor (Abyss:4)
  3 harpy zombies (Shoals:2)
  7 merfolk
  2 polar bears
  5 wind drakes
  An ancient zyme (Abyss:4)
  8 trolls
  4 hornets (Lair:3)
  12 dream sheep
  Grinder (D:3)
  3 snapping turtles
  6 raiju (Abyss:4)
  19 blink frogs
  A spriggan (Lair:2)
  5 wraiths (D:11)
  2 small abominations (Abyss:4)
  8 water elementals
  A shadow (D:11)
  2 wyverns
  2 steam dragons (D:8)
  59 yaks
  5 basilisks
  A warg (Orc:1)
  8 vampire mosquitoes (D:12)
  33 nagas
  A hell hound (Snake:3)
  10 water moccasins
  28 orc warriors
  An ice beast (D:6)
  5 black bears
  A sky beast (D:7)
  6 ogres
  9 wolves
  4 centaurs
  A phantom (D:5)
  4 kobold brigands
  4 gnoll sergeants
  10 bullfrogs
  3 scorpions
  20 wights
  9 killer bees
  6 electric eels (D:11)
  2 howler monkeys
  2 bombardier beetles (D:5)
  10 hounds
  A jelly (D:5)
  40 orc priests
  A gnoll bouda (D:6)
  Jessica (D:2)
  29 orc wizards
  2 iguanas
  6 hell rats (Lair:3)
  A howler monkey zombie (D:10)
  6 adders
  12 gnolls
  2 shadow imps
  A white imp (D:7)
  5 ufetubi
  3 dart slugs
  A ribbon worm (D:2)
  77 orcs
  3 endoplasms (D:1)
  2 giant cockroaches (D:4)
  15 goblins
  11 hobgoblins
  2 jackals (D:3)
  A quokka (D:3)
  12 ball pythons
  3 frilled lizards (D:2)
  15 kobolds
  3 rats
841 creatures vanquished.

Vanquished Creatures (collateral kills)
  Mlioglotl (Shoals:3)
  A daeva (Abyss:4)
  A cacodemon (Abyss:4)
  A very ugly thing (Abyss:4)
  2 merfolk impalers (Shoals:4)
  A hydra (Lair:2)
  A catoblepas (Shoals:2)
  A merfolk avatar (Shoals:4)
  A death yak (Shoals:2)
  A satyr (Shoals:2)
  3 naga sharpshooters (Snake:2)
  3 holy swine (Abyss:4)
  A sixfirhy (Abyss:4)
  A mana viper (Snake:4)
  A starcursed mass (Abyss:4)
  2 harpies (Shoals:4)
  3 fauns (Shoals:2)
  2 black mambas (Snake:2)
  A cyclops (Shoals:4)
  4 manticores
  2 large abominations (Abyss:4)
  2 water nymphs (Shoals:4)
  2 guardian serpents (Snake:4)
  A naga mage (Snake:2)
  An orange demon (Abyss:4)
  A harpy zombie (Shoals:2)
  A wind drake (Lair:2)
  2 dream sheep (Shoals:4)
  3 raiju (Abyss:4)
  A naga (Snake:2)
  A manticore zombie (Shoals:2)
  A bullfrog (Lair:2)
  An iron imp (Abyss:4)
51 creatures vanquished.

Vanquished Creatures (others)
  2 spriggan simulacra (Snake:3)
  3 wights (D:8)
  A lindwurm simulacrum (Snake:3)
  An orc wizard (Orc:2)
  2 starspawn tentacles (Shoals:3)
9 creatures vanquished.

Grand Total: 901 creatures vanquished

Notes
Turn   | Place    | Note
-------+----------+-------------------------------------------
     0 | D:1      | Flugkiller the Minotaur Fighter began the quest for the
                  | Orb.
     0 | D:1      | Reached XP level 1. HP: 19/19 MP: 0/0
   371 | D:1      | Reached XP level 2. HP: 27/27 MP: 1/1
   899 | D:2      | Reached skill level 3 in Axes
   993 | D:2      | Reached XP level 3. HP: 33/33 MP: 2/2
  1028 | D:2      | Found a burning altar of Makhleb.
  1108 | D:2      | Became a worshipper of Makhleb the Destroyer
  1289 | D:2      | Noticed Jessica
  1298 | D:2      | Killed Jessica
  1299 | D:2      | Reached XP level 4. HP: 41/41 MP: 3/3
  1540 | D:2      | Found Luluc's Assorted Antiques.
  1548 | D:2      | Bought a scroll labelled FOMETZYATT for 20 gold pieces
  1548 | D:2      | Bought a scroll labelled JYBI ILAGRE for 20 gold pieces
  1548 | D:2      | Bought a scroll labelled JYBI ILAGRE for 20 gold pieces
  1651 | D:2      | Found a faded altar of an unknown god.
  1848 | D:3      | Found a broken altar of Ashenzari.
  1890 | D:3      | Reached skill level 1 in Invocations
  1893 | D:3      | Reached skill level 5 in Fighting
  1893 | D:3      | Reached skill level 4 in Axes
  1954 | D:3      | Reached XP level 5. HP: 48/48 MP: 4/4
  2039 | D:3      | Reached * piety under Makhleb
  2154 | D:3      | Noticed Grinder
  2159 | D:3      | Killed Grinder
  2160 | D:3      | Reached skill level 5 in Axes
  2160 | D:3      | Reached XP level 6. HP: 52/57 MP: 4/6
  2198 | D:3      | Found a hide-covered altar of Uskayaw.
  2232 | D:3      | Found a sparkling altar of Nemelex Xobeh.
  2766 | D:4      | Reached skill level 5 in Armour
  2772 | D:4      | Reached XP level 7. HP: 53/64 MP: 7/7
  3166 | D:4      | Identified a scroll of acquirement
  3166 | D:4      | Acquired a +2 pair of boots of stealth
  3294 | D:5      | Entered Level 5 of the Dungeon
  3316 | D:5      | Reached skill level 1 in Dodging
  3449 | D:5      | Reached skill level 6 in Axes
  3528 | D:5      | Reached ** piety under Makhleb
  3633 | D:5      | Found the +7 staff of the Meek {protect, meekguard}
  3854 | D:5      | Reached XP level 8. HP: 73/73 MP: 9/9
  3924 | D:5      | Reached skill level 7 in Axes
  4844 | D:6      | Reached skill level 8 in Axes
  4858 | D:6      | Reached skill level 5 in Dodging
  4863 | D:6      | Reached XP level 9. HP: 56/82 MP: 11/11
  4945 | D:6      | Reached *** piety under Makhleb
  5609 | D:7      | Found a staircase to the Ecumenical Temple.
  6024 | D:7      | Found a stormy altar of Qazlal.
  6344 | D:8      | Reached skill level 9 in Axes
  6514 | D:8      | Found a transporter.
  6683 | D:8      | Noticed a kobold demonologist
  6683 | D:8      | Noticed a kobold demonologist
  6700 | D:8      | Found a transporter.
  6773 | D:8      | Reached skill level 5 in Invocations
  7300 | D:8      | Reached skill level 10 in Fighting
  7301 | D:8      | Killed a kobold demonologist
  7307 | D:8      | Killed a kobold demonologist
  7308 | D:8      | Reached XP level 10. HP: 75/93 MP: 12/12
  7418 | D:9      | Reached skill level 10 in Axes
  7524 | D:9      | Reached **** piety under Makhleb
  7606 | D:9      | Found an opulent altar of Gozag.
  7763 | D:9      | Reached skill level 5 in Shields
  7904 | D:9      | Found a white marble altar of Elyvilon.
  8060 | D:9      | Found a hazy altar of Hepliaklqana.
  8450 | D:10     | Entered Level 10 of the Dungeon
  8472 | D:10     | Reached skill level 11 in Axes
  8475 | D:10     | Acquired a +1 pair of boots of rampaging
  8492 | D:10     | Noticed Joseph
  8500 | D:10     | Killed Joseph
  8521 | D:10     | Reached XP level 11. HP: 103/103 MP: 14/14
  8558 | D:10     | Noticed Fannar
  8576 | D:10     | Killed Fannar
  8657 | D:10     | Found a portal to a secret trove of treasure.
  8822 | D:10     | Found a staircase to the Orcish Mines.
  8831 | D:10     | Reached ***** piety under Makhleb
  8926 | D:10     | Noticed a two-headed ogre
  8931 | D:10     | Killed a two-headed ogre
  8980 | D:10     | Reached skill level 12 in Axes
  8988 | D:10     | Found a basalt altar of Yredelemnul.
  9387 | D:11     | Found a staircase to the Lair.
  9660 | D:11     | You fall into a shaft and drop 3 floors!
  9670 | D:14     | Noticed a centaur warrior
  9687 | D:14     | Killed a centaur warrior
  9688 | D:14     | Reached skill level 10 in Armour
  9814 | D:13     | Noticed a boulder beetle
  9837 | D:13     | Killed a boulder beetle
  9838 | D:13     | Reached XP level 12. HP: 63/115 MP: 16/16
 10175 | D:12     | Reached skill level 13 in Axes
 10562 | D:11     | Noticed Harold
 10574 | D:11     | Killed Harold
 10952 | D:11     | Noticed Josephine
 10960 | D:11     | Reached ****** piety under Makhleb
 10964 | D:11     | Killed Josephine
 11029 | D:11     | Noticed Gastronok
 11046 | D:11     | Killed Gastronok
 11574 | Lair:1   | Entered Level 1 of the Lair of Beasts
 11858 | Lair:1   | Reached skill level 14 in Axes
 12494 | Lair:2   | Reached XP level 13. HP: 125/125 MP: 18/18
 12575 | Lair:2   | HP: 6/125 [naga/+0 halberd (13)]
 12654 | Lair:2   | Found a staircase to the Snake Pit.
 12699 | Lair:2   | Found a staircase to the Shoals.
 12710 | Lair:2   | Found a transporter.
 12718 | Lair:2   | Found a gate leading to a gauntlet.
 12727 | Gauntlet | Entered a Gauntlet
 12727 | Gauntlet | Found a transporter.
 12727 | Gauntlet | Found a large runed translucent door.
 12727 | Gauntlet | Found a large runed translucent door.
 12727 | Gauntlet | Found a large runed translucent door.
 12727 | Gauntlet | Found a large runed translucent door.
 12727 | Gauntlet | Found a runed translucent door.
 12727 | Gauntlet | Found a runed translucent door.
 12727 | Gauntlet | Found a large runed translucent door.
 12727 | Gauntlet | Found a large runed translucent door.
 12727 | Gauntlet | Found a large runed translucent door.
 12727 | Gauntlet | Found a large runed translucent door.
 12727 | Gauntlet | Found a large runed translucent door.
 12727 | Gauntlet | Found a large runed translucent door.
 12797 | Gauntlet | Found a large runed translucent door.
 12797 | Gauntlet | Found a large runed translucent door.
 12810 | Gauntlet | Found a large runed translucent door.
 12810 | Gauntlet | Found a large runed translucent door.
 12811 | Gauntlet | Found a runed translucent gate.
 12811 | Gauntlet | Found a runed translucent gate.
 12811 | Gauntlet | Found a runed translucent gate.
 12813 | Gauntlet | Found a transporter.
 12815 | Gauntlet | Found a transporter.
 12822 | Gauntlet | Found a transporter.
 12837 | Gauntlet | Found a transporter.
 12842 | Gauntlet | Found a transporter.
 12857 | Gauntlet | Found a transporter.
 12876 | Gauntlet | Found a transporter.
 12886 | Gauntlet | Found the brooch of Shielding {Spirit SH+8}
 12888 | Gauntlet | Found a transporter.
 12900 | Gauntlet | Found a transporter.
 12912 | Gauntlet | Found a transporter.
 12924 | Gauntlet | Found a transporter.
 12941 | Gauntlet | Found a transporter.
 12959 | Gauntlet | Found a transporter.
 12961 | Gauntlet | Found a transporter.
 12979 | Gauntlet | Found a large runed translucent door.
 12980 | Gauntlet | Found a large runed translucent door.
 12988 | Gauntlet | Found a transporter.
 13066 | Gauntlet | Found a transporter.
 13086 | Gauntlet | Found a transporter.
 13212 | Gauntlet | Identified the ring of Propriety {rPois Stlth+}
 13309 | Gauntlet | Reached skill level 15 in Fighting
 13593 | Gauntlet | Noticed a minotaur
 13607 | Gauntlet | Killed a minotaur
 13640 | Gauntlet | Identified the +2 chain mail of the Past {-Cast Fly rCorr
                  | Str-2}
 13657 | Gauntlet | Got Vehumet's Reference Book on Destruction
 13673 | Lair:2   | Reached skill level 16 in Axes
 13673 | Lair:2   | Reached XP level 14. HP: 135/135 MP: 19/19
 13930 | Lair:2   | Found a runed translucent gate.
 13930 | Lair:2   | Found a runed translucent gate.
 13930 | Lair:2   | Found a runed translucent gate.
 14380 | Lair:2   | Found a transporter.
 14635 | Lair:2   | Noticed Elebi's ghost (journeyman DrSh)
 14894 | Lair:3   | Reached skill level 17 in Axes
 14914 | Lair:3   | Reached skill level 10 in Shields
 15283 | Lair:3   | Found a dark tunnel.
 15865 | Lair:4   | Found a staircase to the Slime Pits.
 15865 | Lair:4   | Found a viscous altar of Jiyva.
 16916 | Lair:5   | Entered Level 5 of the Lair of Beasts
 17111 | Lair:5   | Reached XP level 15. HP: 144/144 MP: 18/21
 17793 | Orc:1    | Entered Level 1 of the Orcish Mines
 17830 | Orc:1    | Reached skill level 18 in Axes
 18217 | Orc:2    | Entered Level 2 of the Orcish Mines
 18217 | Orc:2    | Found a staircase to the Elven Halls.
 18243 | Orc:2    | Paralysed by an orc sorcerer for 3 turns
 18249 | Orc:2    | Noticed Urug
 18261 | Orc:1    | Killed Urug
 18482 | Orc:2    | Reached skill level 10 in Invocations
 18530 | Orc:2    | Found Fischopi's Magic Scroll Boutique.
 18530 | Orc:2    | Found Moibilen's Antique Weapon Shop.
 18530 | Orc:2    | Found Fuupt's General Store.
 18617 | Orc:2    | Noticed Donald
 18640 | Orc:2    | Killed Donald
 18918 | Orc:2    | Found Haisoir's Assorted Antiques.
 18921 | Orc:2    | Bought a scroll of blinking for 127 gold pieces
 18921 | Orc:2    | Bought a scroll of enchant weapon for 127 gold pieces
 18921 | Orc:2    | Bought a scroll of enchant armour for 127 gold pieces
 18924 | Orc:2    | Bought a pair of brightly glowing gloves for 323 gold
                  | pieces
 18924 | Orc:2    | Identified the +0 pair of gloves of Vothi {rElec Regen+}
                  | (You bought it in a shop on level 2 of the Orcish Mines)
 19448 | Snake:1  | Entered Level 1 of the Snake Pit
 19615 | Snake:2  | Noticed a nagaraja
 19624 | Snake:2  | Killed a nagaraja
 19703 | Snake:2  | Acquired the +4 hat of the Tarantula {rN+ Will+ Dex+4}
 19932 | Snake:2  | Found Micliasi's Jewellery Shop.
 19932 | Snake:2  | Found Wouduc's General Store.
 19951 | Snake:2  | Found Xexuen's Weapon Shop.
 19961 | Snake:2  | Found Uzurihun's General Store.
 19975 | Snake:2  | Bought a scroll of blinking for 97 gold pieces
 19979 | Snake:2  | Bought a scroll of blinking for 90 gold pieces
 20000 | Snake:2  | Bought a ring of protection from fire for 400 gold pieces
 20057 | Snake:2  | Noticed Vashnia
 20082 | Snake:2  | Killed Vashnia
 20086 | Snake:2  | Reached skill level 19 in Axes
 20143 | Snake:3  | Noticed Bai Suzhen
 20148 | Snake:3  | Gained mutation: You are dopey. (Int -2) [a cacodemon]
 20155 | Snake:3  | Gained mutation: You occasionally lose the ability to drink
                  | potions when taking damage. [a cacodemon]
 20162 | Snake:3  | Killed Bai Suzhen
 20163 | Snake:3  | Reached XP level 16. HP: 148/157 MP: 15/22
 20195 | Snake:3  | Lost mutation: You occasionally lose the ability to drink
                  | potions when taking damage. [potion of mutation]
 20195 | Snake:3  | Lost mutation: You are dopey. (Int -2) [potion of mutation]
 20195 | Snake:3  | Gained mutation: You have supernaturally acute eyesight.
                  | (SInv) [potion of mutation]
 20195 | Snake:3  | Gained mutation: Your flesh is heat resistant. (rF+)
                  | [potion of mutation]
 20195 | Snake:3  | Gained mutation: You expend magic power (3 MP) to
                  | strengthen your wands. [potion of mutation]
 20195 | Snake:3  | Gained mutation: You have a somewhat thin skeletal
                  | structure. (Dex +2, Stealth+) [potion of mutation]
 20425 | Snake:3  | Found Ohetsig's Distillery.
 20447 | Snake:3  | Bought a potion of heal wounds for 50 gold pieces
 20447 | Snake:3  | Bought a potion of heal wounds for 50 gold pieces
 20447 | Snake:3  | Bought a potion of might for 40 gold pieces
 20447 | Snake:3  | Bought a potion of might for 40 gold pieces
 20533 | Snake:4  | Entered Level 4 of the Snake Pit
 21160 | Snake:4  | Found Poruem's Book Boutique.
 21161 | Snake:4  | Found Hyedop's Jewellery Shoppe.
 21162 | Snake:4  | Found Birr's Book Boutique.
 21260 | Snake:4  | Reached skill level 20 in Axes
 21546 | Snake:4  | Reached XP level 17. HP: 168/168 MP: 16/24
 21562 | Snake:4  | Got a jade gem with 391 turns to spare
 21564 | Snake:4  | Got a serpentine rune of Zot
 21744 | Snake:2  | Bought a scroll of teleportation for 36 gold pieces
 21857 | Shoals:1 | Entered Level 1 of the Shoals
 22202 | Shoals:2 | Noticed Polyphemus
 22235 | Shoals:2 | Killed Polyphemus
 22333 | Shoals:3 | Noticed Mlioglotl
 22335 | Shoals:3 | Noticed a bone dragon
 22351 | Shoals:3 | Killed Mlioglotl
 22353 | Shoals:3 | Found the +7 Throatcutter {drain, coup de grace}
 22460 | Shoals:4 | Entered Level 4 of the Shoals
 22460 | Shoals:4 | Found a blossoming altar of Fedhas.
 22520 | Shoals:4 | Reached skill level 15 in Armour
 22713 | Shoals:4 | Reached skill level 21 in Axes
 22735 | Shoals:4 | Noticed a titan
 22744 | Shoals:4 | Killed a titan
 22765 | Shoals:4 | Identified the +2 orcbow "Noamuoh" {heavy, rF+ Int+4}
 22802 | Shoals:4 | Identified the +5 trident "Zonn" {drain, Int+2}
 22803 | Shoals:4 | Identified the +9 dagger "Demonbane" {flame, rC+ Will-
                  | Str+2}
 22805 | Shoals:4 | Got a barnacled rune of Zot
 22811 | Shoals:4 | Got an azure gem with 843 turns to spare
 22878 | Shoals:3 | Found a transporter.
 22897 | Shoals:3 | Found a transporter.
 23074 | Lair:2   | Gained mutation: You are frail. (-10% HP) [mutagenic glow]
 23158 | Abyss:4  | Cast into level 4 of the Abyss (unwielding a weapon of
                  | distortion)
 23337 | Abyss:4  | Found a shimmering altar of Xom.
 23348 | Abyss:4  | Got an abyssal rune of Zot
 23367 | Abyss:4  | HP: 2/153 [hellion/damnation (32)]
 23370 | Abyss:4  | Killed from afar by a hellion

Illustrated notes

Levels and vault maps discovered:
D:1:      minmay_arrival_arboretum_large, layout_basic
D:2:      layout_basic, serial_shops, shop,
          dreamdust_ecumenical_altar_hidden_monk_grotto, basic_altar,
          uniq_jessica
D:3:      layout_basic, mainiacjoe_overflow_brackets,
          mainiacjoe_overflow_cross_hatched, general_overflow_altar,
          hangedman_decor_clover_reticule, minmay_goblin_outpost, uniq_grinder
D:4:      layout_rooms, minmay_manual_mares
D:5:      layout_basic, pf_guarded_unrand_meek
D:6:      layout_loops_ring, solitary_fountain, chequers_arboretum
D:7:      layout_basic, mainiacjoe_overflow_alcove_4, minmay_temple_entry_hall,
          nicolae_fountain_basement
D:8:      gammafunk_wand_slinger, layout_basic
D:9:      layout_irregular_city, mainiacjoe_overflow_alcove_1,
          nicolae_elyvilon_peaceful_grove, grunt_gozag_statues
D:10:     layout_loops_ring, nicolae_yredelemnul_corpse_copse,
          kennysheep_orc_monster_closet_entryway, nicolae_trove_entry_columns,
          uniq_fannar, uniq_joseph
D:11:     layout_gridville, erik_lair_island, uniq_josephine, uniq_harold,
          uniq_gastronok
D:12:     layout_loops_ring, minmay_unpleasant_kobolds
D:13:     layout_long_grid, hellmonk_vaults_order_and_chaos
D:14:     layout_irregular_city, minmay_misc_feat_cross, solitary_fountain
Lair:1:   layout_chaotic_city
Lair:2:   gammafunk_cloud_chamber, layout_layer_cave,
          minmay_shoals_entry_beasts, minmay_snake_entry_guardpost_medium,
          gauntlet_entry_generic, gammafunk_ghost_necromancy,
          grunt_forest_large_clearings, serial_bayou_shore_a,
          lemuel_fruit_fields
Lair:3:   layout_loops_ring, enter_volcano_2, dreamdust_wasp_nest,
          lemuel_fruit_fields, serial_bayou_shore_b
Lair:4:   layout_regular_city, slime_entry_1
Lair:5:   cheibrodos_lair_end_hotspot, layout_gridlike, dpeg_oklob_1
Shoals:1: layout_shoals, nicolae_shoals_circle_sea_wall
Shoals:2: layout_shoals, nicolae_shoals_undead_eyrie, uniq_polyphemus
Shoals:3: gammafunk_sealed_arena, layout_shoals, serial_shops,
          nicolae_shop_hallway_plus, uniq_mlioglotl
Shoals:4: shoals_end_hellmonk_storm_palace [storm_palace_center_ruins,
          storm_palace_corner_reverse_hut, storm_palace_corner_grid,
          storm_palace_corner_altar, storm_palace_corner_reverse_hut],
          serial_shops
Snake:1:  layout_onion, nicolae_snake_linked_coils, serial_bayou_shore_b,
          uniq_louise, uniq_aizul
Snake:2:  cheibrodos_snake_ritualist_ritual, layout_layer_cave,
          minmay_shoptagon, uniq_vashnia
Snake:3:  layout_gridlike, portal_ice_cave_entry_ice_simulacra, serial_shops,
          shop, nicolae_coiled_stairwell_up, uniq_azrael, uniq_nikola,
          uniq_bai_suzhen, uniq_mara
Snake:4:  snake_pit_salamanders_mu, layout_onion, minmay_shop_grove,
          lemuel_fruit_tree
Orc:1:    layout_caves
Orc:2:    st_orc_mages, layout_caves, uniq_donald, uniq_urug
Abyss:4:  base: Volcano, hangedman_abyss_exit_choices, hangedman_steaming_rock,
          skrybe_abyss_rune_heretic_angels, skrybe_abyss_rune_heretic_angels

Skill      XL: |  1  2  3  4  5  6  7  8  9 10 11 12 13 14 15 16 17 |
---------------+----------------------------------------------------+-----
Fighting       | 4 5 6 7 8 10 11 13 14 15 16 17 19 20 | 20.4
Axes           | 3 4 5 6 8 9 11 12 14 16 17 19 20 21 | 21.6
Armour         | 4 5 6 7 8 10 11 12 13 14 15 | 15.5
Invocations    | 1 2 3 4 5 6 7 8 9 10 11 12 | 12.4
Dodging        | 3 5 6 |  6.0
Shields        | 4 6 7 9 10 12 13 14 | 14.3

Action                     |  1- 3 |  4- 6 |  7- 9 | 10-12 | 13-15 | 16-18 || total
---------------------------+-------+-------+-------+-------+-------+-------++-------
  Melee: War axe           |    58 |    76 |   126 |       |       |       ||   260
         Headbutt          |     5 |    10 |    39 |   103 |   172 |   197 ||   526
         Broad axe         |       |       |   117 |   486 |   829 |   728 ||  2160
 Invoke: Lesser Servant of |       |       |       |       |     5 |       ||     5
         Greater Servant o |       |       |       |       |     6 |    13 ||    19
  Evoke: Wand              |       |       |    12 |       |       |       ||    12
    Use: Scroll            |       |     7 |    10 |     8 |    14 |     3 ||    42
         Potion            |       |     4 |       |       |     6 |     7 ||    17
   Stab: Distracted        |       |       |       |       |     4 |     3 ||     7
         Petrified         |       |       |       |       |       |    18 ||    18
         Petrifying        |       |       |       |       |       |     3 ||     3
 Armour: Scale mail        |    32 |    68 |   212 |   354 |       |       ||   666
         Plate armour      |       |       |       |    99 |   128 |       ||   227
         Gold dragon scale |       |       |       |       |   665 |   489 ||  1154
  Dodge: Dodged            |    29 |    37 |   148 |   221 |   184 |   139 ||   758
         Repelled          |       |     3 |     5 |       |       |       ||     8
  Block: Buckler           |    11 |    25 |    72 |       |       |       ||   108
         Kite shield       |       |       |       |   300 |   881 |   720 ||  1901
